 Seeded DCSS version 0.30-a0-883-g5ad918d77d (webtiles) character file.

Game seed: 8796237800415217726 (custom seed)

79 BigDaddyOpFi the Trooper (level 4, 41/41 HPs)
             Began as a Hill Orc Fighter on Mar 17, 2023.
             Got out of the dungeon alive.
             The game lasted 00:01:56 (1557 turns).

BigDaddyOpFi the Trooper (Hill Orc Fighter)         Turns: 1557, Time: 00:01:57

Health: 41/41      AC: 19    Str: 24    XL:     4   Next: 38%
Magic:  4/4        EV:  3    Int: 11    God:
Gold:   89         SH:  4    Dex: 10    Spells: 3/3 levels left

rFire   . . .      SeeInvis .    a - +0 war axe
rCold   . . .      Faith    .    c - +0 buckler
rNeg    + + +      Spirit   .    h - +0 crystal plate armour of the Distant Future {rF+ rC- rN+++ Regen+}
rPois   .          Reflect  .    (no helmet)
rElec   .          Rampage  +    (no cloak)
rCorr   .                        (no gloves)
Will    .....                    i - +2 pair of boots {rampage} Stlth
                                 o - amulet of regeneration
HPRegen 1.86/turn                j - ring "Jennirahe" {Ice Drain Str+4 Int+3 Slay+2}
MPRegen 0.09/turn                (no ring)

@: no status effects
A: no striking features
a: no special abilities


You escaped.
You visited 1 branch of the dungeon, and saw 2 of its levels.

You collected 89 gold pieces.

Inventory:

Hand Weapons
 a - a +0 war axe (weapon)
Armour
 c - a +0 buckler (worn)
 h - the +0 crystal plate armour of the Distant Future (worn) {rF+ rC- rN+++ Regen+}
   (You acquired it on level 1 of the Dungeon)

   rF:        It protects you from fire.
   rC:        It makes you vulnerable to cold.
   rN:        It renders you almost immune to negative energy.
   Regen:     It increases your rate of health regeneration.
 i - a +2 pair of boots of rampaging (worn)
Jewellery
 j - the ring "Jennirahe" (left hand) {Ice Drain Str+4 Int+3 Slay+2}
   (You acquired it on level 1 of the Dungeon)

   [ring of ice]

   It enhances your ice magic.
   Str:       It affects your strength (+4).
   Int:       It affects your intelligence (+3).
   Slay:      It affects your accuracy & damage with ranged weapons and melee
   (+2).
   rF:        It makes you vulnerable to fire.
   rC:        It protects you from cold.
   Drain:     It drains your maximum health when unequipped.
 o - an amulet of regeneration (around neck)
Scrolls
 k - a scroll of teleportation {unknown}
 l - 3 scrolls of noise {unknown}
 q - 2 scrolls of identify {unknown}
 r - a scroll of magic mapping {unknown}
 s - a scroll of immolation {unknown}
 t - a scroll of torment {unknown}
 u - a scroll of vulnerability {unknown}
Potions
 b - a potion of magic {unknown}
 d - a potion of might
 e - 2 potions of curing {unknown}
 f - a potion of attraction {unknown}
 g - 2 potions of berserk rage {unknown}
 m - a potion of mutation {unknown}
 n - a potion of lignification {unknown}
 p - a potion of invisibility {unknown}
 v - a potion of brilliance {unknown}


   Skills:
 + Level 4.3 Fighting
 + Level 3.7 Axes
 + Level 4.0 Armour
 + Level 3.9 Shields


You had 3 spell levels left.
You didn't know any spells.
Your spell library was empty.

Dungeon Overview and Level Annotations

Branches:
Dungeon (2/15)

Altars:

Shops:
D:1 :   D:2 *


Message History

Found 5 poisoned darts.
No target in view!
You see here 5 poisoned darts.
Key pressed, stopping explore.
No target in view!
No target in view!
You see here 5 poisoned darts.
You see here a +0 scale mail.
There is an open door here.
There is an open door here.
There is an open door here.
You see here a +0 leather armour.
There is an open door here.
Key pressed, stopping explore.
No target in view!
Done exploring.
Done exploring.
No target in view!
Done exploring.
No target in view!
Done exploring.
No target in view!
Save game and exit?
Welcome back, BigDaddyOpFi the Hill Orc Fighter.
Game seed: 8796237800415217726 (custom seed) Press ? for a list of commands and other information.
(D) Dungeon
Where to? (? - help)
There is an open door here.
There is a stone staircase leading up here.
You climb upwards.
There is a stone staircase leading down here.
(D) Dungeon
Where to? (Enter - D:1, ? - help)
Okay, then.
You see here a rat skeleton.
There is an empty arch of ancient stone here.
There is a staircase leading out of the dungeon here.
Are you sure you want to leave the Dungeon?
This will make you lose the game!
You have escaped!

.........# ###############
.........# #####............)#
.........####.......#.........#
.............)♣♣♣♣♣...........#
.........##...♣♣♣♣♣.♣.........#
.........>.♣♣.♣∩∩∩.♣♣♣.>[>....###
...........♣♣∩.....∩♣♣...........
..........♣♣∩..♣♣♣..∩♣♣..........
####.####.♣♣∩...@...∩♣♣.#.....###
.###.# #.♣♣∩..♣♣♣..∩♣♣...(####
..##.####..♣♣∩.....∩♣♣..#..#
.........⌠.♣♣♣♣∩.∩♣♣♣♣.>#..#
...#.####.#.♣♣♣♣.♣♣♣♣.###..# #
##........##..♣♣.♣♣..## ##.# ###
##...#######.......## #.# #..
##....########..#..# #.####.#
##...#)......###...## #.#....#


There were no monsters in sight!

Vanquished Creatures
  3 gnolls (D:2)
  An adder (D:2)
  A worm (D:2)
  4 endoplasms
  3 giant cockroaches (D:2)
  3 hobgoblins
  6 jackals (D:2)
  4 ball pythons
  5 bats
  2 goblins
  A kobold (D:1)
  4 rats (D:1)
37 creatures vanquished.

Notes
Turn   | Place    | Note
-------+----------+-------------------------------------------
     0 | D:1      | BigDaddyOpFi the Hill Orc Fighter began the quest for the
                  | Orb.
     0 | D:1      | Reached XP level 1. HP: 19/19 MP: 1/1
    60 | D:1      | Found Veoliky's Book Emporium.
    81 | D:1      | Identified 3 scrolls of acquirement
    81 | D:1      | Acquired a +2 pair of boots of rampaging
    83 | D:1      | Acquired the ring "Jennirahe" {Ice Drain Str+4 Int+3
                  | Slay+2}
    85 | D:1      | Acquired the +0 crystal plate armour of the Distant Future
                  | {rF+ rC- rN+++ Regen+}
   142 | D:1      | Reached XP level 2. HP: 27/27 MP: 2/2
   573 | D:2      | Reached XP level 3. HP: 32/33 MP: 3/3
   657 | D:2      | Found a faded altar of an unknown god.
   675 | D:2      | Reached XP level 4. HP: 40/40 MP: 4/4
  1013 | D:2      | Found Fuiquv's Assorted Antiques.
  1283 | D:2      | Identified the +4 hand axe "Fumm" {freeze, *Rage Dex+4}
  1557 | D:$      | Got out of the dungeon alive.

Illustrated notes

Levels and vault maps discovered:
D:1:      heliophobic_arrival_henge, layout_rooms, serial_shops, shop_statue
D:2:      layout_basic, serial_shops, nicolae_lakefront_shop,
          ebering_ecumenical_altar_ruins

Skill      XL: |  1  2  3 |
---------------+----------+-----
Axes           | 3 |  3.7
Fighting       | 4 |  4.3
Armour         | 4 |  4.0
Shields        | |  3.9

Action                     |  1- 3 |  4- 6 || total
---------------------------+-------+-------++-------
  Melee: War axe           |    67 |    21 ||    88
    Use: Scroll            |     3 |       ||     3
 Armour: Crystal plate arm |    65 |    21 ||    86
         Scale mail        |     1 |       ||     1
  Dodge: Dodged            |     8 |     1 ||     9
  Block: Buckler           |    13 |     6 ||    19

Table legend: (Time is in decaauts)
 A = Elapsed time spent in this place.
 B = Non-inter-level travel time spent in this place.
 C = Inter-level travel time spent in this place.
 D = Time resting spent in this place.
 E = Time spent auto-exploring this place.
 F = Levels seen in this place.
 G = Mean time per level.
                   A        B        C        D        E       F      G
               +--------+--------+--------+--------+--------+-----+--------+
         Total |   1589 |   1492 |     97 |      0 |   1244 |   2 |  794.5 |
       Dungeon |   1589 |   1492 |     97 |      0 |   1244 |   2 |  794.5 |
               +--------+--------+--------+--------+--------+-----+--------+

Top non-repeatable levels by time:
     D:2: 1011 daAuts
     D:1: 578 daAuts
